 Dungeon Crawl Stone Soup version 0.20-a0-3-g334f831 (webtiles) character file.

1525 JeffiDaFish the Covered (level 8, -1/50 HPs)
             Began as a Gargoyle Fighter on Oct 31, 2016.
             Was a Follower of Makhleb.
             Slain by a hippogriff (4 damage)
             ... on level 6 of the Dungeon.
             The game lasted 00:23:38 (6908 turns).

JeffiDaFish the Covered (Gargoyle Fighter)          Turns: 6908, Time: 00:23:39

Health: -1/50      AC: 18    Str: 22    XL:     8   Next: 84%
Magic:  12/12      EV:  6    Int:  9    God:    Makhleb [*.....]
Gold:   324        SH: 12    Dex:  9    Spells: 1 memorised, 11 levels left

rFire  . . .     SeeInvis +     a - +1 rapier
rCold  . . .     Gourm    .     s - +0 plate armour
rNeg   + . .     Faith    .     c - +2 shield
rPois  ∞         Spirit   .     (no helmet)
rElec  +         Reflect  .     (no cloak)
rCorr  .         Harm     .     (no gloves)
MR     .....                    (no boots)
Stlth  ..........               (no amulet)
                                k - ring of see invisible
                                v - +1 ring of evasion

@: no status effects
A: negative energy resistance 1, electricity resistance, unbreathing,
petrification resistance, rot immunity, AC +5
a: Renounce Religion


You were on level 6 of the Dungeon.
You worshipped Makhleb.
Makhleb was aware of your devotion.
You were hungry.

You visited 2 branches of the dungeon, and saw 8 of its levels.

You collected 324 gold pieces.

Inventory:

Hand Weapons
 a - a +1 rapier (weapon)
Armour
 c - a +2 shield (worn)
 s - a +0 plate armour (worn)
Jewellery
 k - a ring of see invisible (right hand)
 v - a +1 ring of evasion (left hand)
Scrolls
 i - 6 scrolls of remove curse
 q - a scroll of teleportation
 t - a scroll of identify
Potions
 b - a potion of flight
 e - a potion of curing
 r - a potion of magic
Books
 g - a book of Cantrips

   Spells                             Type                      Level
   a - Confusing Touch                Hexes                        1
   b - Animate Skeleton               Necromancy                   1
   c - Summon Small Mammal            Summoning                    1
   d - Apportation                    Translocation                1
Comestibles
 d - a royal jelly
 f - 5 bread rations
 h - 2 beef jerkies
 j - 7 fruits
 l - 2 meat rations
 n - 2 slices of pizza


   Skills:
 + Level 5.4 Fighting
 + Level 5.3 Short Blades
 + Level 6.3 Armour
 - Level 1.4 Dodging
 + Level 5.6 Shields
 + Level 2.7 Spellcasting
 + Level 2.4 Necromancy


You had 11 spell levels left.
You knew the following spells:

 Your Spells              Type           Power        Failure   Level  Hunger
a - Animate Skeleton      Necr           N/A          100%        1    ##.....


Dungeon Overview and Level Annotations

Branches:
Dungeon (7/15)             Temple (1/1) D:4

Altars:
Dithmenos
Fedhas
Gozag
Hepliaklqana
Kikubaaqudgha
Makhleb
Okawaru
Qazlal
Ru

Shops:
D:6 %

Annotations:
D:3 exclusion: oklob plant


Innate Abilities, Weirdness & Mutations

You are resistant to torment.
Your stone body is resilient. (AC +5)
You are immune to poison.
You resist negative energy. (rN+)
You are resistant to electric shocks. (rElec)
You can survive without breathing.
You are immune to petrification.
You are immune to rotting.


Message History

The hippogriff claws you but does no damage.
You completely miss the hippogriff.
The hippogriff is severely wounded.
The hippogriff bites you.
* * * LOW HITPOINT WARNING * * *
The hippogriff pecks you but does no damage.
The hippogriff claws you but does no damage.
You hit the hippogriff but do no damage.
The hippogriff is severely wounded.
The hippogriff completely misses you. The hippogriff barely misses you.
You block the hippogriff's attack.
Your plate armour prevents you from hitting the hippogriff.
The hippogriff is severely wounded.
You block the hippogriff's attack. x2; The hippogriff barely misses you.
You hit the hippogriff.
The hippogriff is severely wounded.
The hippogriff bites you.
* * * LOW HITPOINT WARNING * * *
You block the hippogriff's attack. The hippogriff claws you.
You die...

###..........# #..........#
..'..........# #..........#
###..........# ###'########
#..........# #.# #..........# #.#
#........)[# #.# #..........# #.#
###..........###########.####
..............OH@..........>#
#####.##################..#.#
......)...............##..#.#####
......)................#..#......
#####################..#..#######
###################..#.........
#.................#..##.#######
##'##########.......#.##.# #....#
#.......#.##.#


You could see a hippogriff and an ogre.

Vanquished Creatures
  An ice beast (D:5)
  An orc warrior (D:5)
  A sky beast (D:6)
  An ogre (D:4)
  2 centaurs
  A bullfrog (D:6)
  3 wights (D:6)
  A crimson imp (D:5)
  A bullfrog zombie (D:6)
  An orc priest (D:6)
  2 jellies
  3 hounds
  An iguana (D:7)
  4 worker ants
  6 orc wizards
  A hound skeleton (D:7)
  A worker ant zombie (D:6)
  3 gnolls (D:2)
  4 adders
  A shadow imp (D:5)
  3 oozes
  An adder skeleton (D:5)
  4 worms
  3 dart slugs
  2 leopard geckos
  23 orcs
  2 ball pythons (D:2)
  13 bats
  2 giant cockroaches
  9 goblins
  7 hobgoblins
  10 jackals
  A quokka (D:6)
  8 frilled lizards
  A jackal skeleton (D:6)
  8 kobolds
  42 rats
178 creatures vanquished.

Notes
Turn   | Place    | Note
-------+----------+-------------------------------------------
     0 | D:1      | JeffiDaFish the Gargoyle Fighter began the quest for the Orb.
     0 | D:1      | Reached XP level 1. HP: 14/14 MP: 1/1
    35 | D:1      | Reached XP level 2. HP: 11/19 MP: 2/2
   585 | D:1      | Reached XP level 3. HP: 20/23 MP: 3/3
  1233 | D:2      | Reached skill level 1 in Dodging
  1233 | D:2      | Reached XP level 4. HP: 15/28 MP: 4/4
  1734 | D:2      | Reached XP level 5. HP: 32/32 MP: 5/5
  2872 | D:3      | Found a blossoming altar of Fedhas.
  2886 | D:3      | Noticed an oklob plant
  3071 | D:3      | Reached skill level 4 in Armour
  3668 | D:4      | Reached XP level 6. HP: 38/38 MP: 6/6
  3672 | D:4      | Found a staircase to the Ecumenical Temple.
  3687 | Temple   | Entered the Ecumenical Temple
  3720 | Temple   | Became a worshipper of Makhleb the Destroyer
  4380 | D:5      | Entered Level 5 of the Dungeon
  4494 | D:5      | Reached skill level 5 in Armour
  4494 | D:5      | Reached XP level 7. HP: 42/43 MP: 7/7
  4520 | D:5      | Learned a level 1 spell: Animate Skeleton
  4727 | D:5      | Reached skill level 1 in Spellcasting
  4743 | D:5      | HP: 2/44 [orc warrior/glaive (9)]
  4745 | D:5      | Reached skill level 1 in Necromancy
  5155 | D:5      | Found a hazy altar of Hepliaklqana.
  5155 | D:5      | Found a stormy altar of Qazlal.
  5239 | D:5      | Reached * piety under Makhleb
  5639 | D:6      | Found Bul Fuchu's Food Emporium.
  5648 | D:6      | Reached skill level 5 in Shields
  5648 | D:6      | Reached XP level 8. HP: 47/48 MP: 10/10
  5795 | D:6      | Reached skill level 5 in Short Blades
  5808 | D:6      | Found a blossoming altar of Fedhas.
  5845 | D:6      | Reached skill level 5 in Fighting
  6033 | D:6      | Reached skill level 6 in Armour
  6542 | D:7      | Noticed a hippogriff
  6908 | D:6      | Slain by a hippogriff

Vault maps used:
D:1:      minmay_arrival_radiant_lines
D:2:      minmay_rats_cheesy_pizza
D:3:      grunt_ministairs_1, tgw_fedhas
D:5:      gammafunk_temple_overflow_wave, first_bread
D:6:      serial_shops, nicolae_shop_temple_entry_statues_fountains, basic_altar
D:7:      basic_altar, grunt_ministairs_9, the_bakery
Temple:   nicolae_temple_elliptical

Skill      XL: |  1  2  3  4  5  6  7  8 |
---------------+-------------------------+-----
Short Blades   | 2 3 4 5 |  5.3
Dodging        | 1 |  1.4
Shields        | 4 5 |  5.6
Armour         | 4 5 6 |  6.3
Fighting       | 4 5 |  5.4
Spellcasting   | 1 2 |  2.7
Necromancy     | 1 2 |  2.4

Action                   |  1- 3 |  4- 6 |  7- 9 || total
-------------------------+-------+-------+-------++-------
Melee: Rapier            |   162 |   382 |   338 ||   882
  Use: Scroll            |     5 |     4 |     4 ||    13
       Potion            |     4 |     2 |     2 ||     8
  Eat: Chunk             |     1 |    11 |     8 ||    20
Armor: Scale mail        |   102 |       |       ||   102
       Chain mail        |     4 |   173 |       ||   177
       Plate armour      |       |    16 |   187 ||   203
Dodge: Dodged            |    66 |    74 |    51 ||   191
Block: Shield            |   113 |   180 |   189 ||   482
